Map: Typhon

Players

A.I. 5 (Medium)

  • Race: Terran Terran
  • Spawn Location: 11:00

A.I. 4 (Hard)

  • Race: Zerg Zerg
  • Spawn Location: 12:00

A.I. 3 (Medium)

  • Race: Protoss Protoss
  • Spawn Location: 11:00

Lunarbears - Winner!

  • Race: Terran Terran
  • Spawn Location: 5:00

larsgj - Winner!

  • Race: Terran Terran
  • Spawn Location: 5:00

FroGGe - Winner!

  • Race: Zerg Zerg
  • Spawn Location: 3:00

VOD

Have the link to the VOD?

Description

Time

  • Played on: May 7, 2020, 4:15 p.m.
  • Length: 27:26
Show
View Real Time Build Order
Export as new Build Order

A.I. 5 (Medium) Terran 

Build Orders:  

Get SALT Encoding   

  12  0:01  SCV  
  13  0:13  SCV  
  14  0:19  Supply Depot  
  14  0:25  SCV  
  15  0:41  SCV  
  16  0:45  Barracks  
  16  0:51  Refinery  
  16  0:53  SCV  
  17  1:05  SCV  
  18  1:19  Supply Depot  
  18  1:32  Marine  
  19  1:34  Orbital Command, Barracks  
  19  1:44  Refinery  
  19  1:51  Barracks Tech Lab  
  19  2:09  Marine  
  20  2:15  Supply Depot  
  20  2:22  Marine  
  21  2:36  Marine  
  22  2:49  Marine, Supply Depot  
  23  2:57  SCV  
  24  3:03  Marine  
  25  3:09  SCV  
  26  3:16  Engineering Bay  
  26  3:17  Marine  
  27  3:21  SCV  
  28  3:31  Marauder  
  28  3:33  SCV  
  31  3:44  Marine  
  31  3:45  SCV  
  33  3:50  Supply Depot  
  33  3:57  SCV  
  33  3:58  Marine  
  35  4:16  Marauder  
  37  4:38  Marauder  
  39  4:59  Marauder  
  41  6:48  Barracks Tech Lab  
  41  6:51  Factory  
  41  6:54  Factory  
  41  6:58  Missile Turret  
  41  7:01  Missile Turret  
  41  7:03  Supply Depot  
  41  7:05  Sensor Tower  
  41  7:09  Barracks, Command Center  
  41  7:23  Bunker  
  41  7:25  Marine  
  40  7:34  Factory Tech Lab  
  40  7:38  Widow Mine  
  40  7:39  Armory  
  42  7:45  Starport  
  42  7:49  Marine  
  42  7:50  SCV  
  35  7:56  Barracks Reactor  
  28  8:00  Factory Tech Lab  
  28  8:01  Marine  
  29  8:12  Marine  
  30  8:22  SCV  
  30  8:24  Marine  
  30  8:25  SCV  
  33  8:34  SCV  
  34  8:35  Marine  
  34  8:37  SCV  
  34  8:38  Starport Tech Lab, Refinery  
  36  8:45  Missile Turret  
  36  8:46  SCV  
  36  8:47  Marine, Missile Turret  
  38  8:48  Refinery  
  38  8:49  SCV  
  39  8:58  SCV  
  39  8:59  Marauder  
  39  9:01  SCV  
  45  9:08  Raven, Bunker  
  45  9:10  Marine, SCV  
  45  9:13  SCV  
  48  9:21  Siege Tank  
  48  9:22  SCV  
  52  9:25  SCV  
  53  9:33  Siege Tank  
  53  9:34  SCV  
  53  9:37  SCV  
  58  9:45  Marauder  
  62  9:46  SCV  
  62  9:49  SCV  
  62  9:51  Raven  
  64  9:56  Widow Mine  
  64  9:58  SCV  
  67  10:01  SCV  
  68  10:11  SCV  
  68  10:14  SCV  
  70  10:16  Supply Depot  
  70  11:32  Medivac  
  72  11:33  Marine  
  72  11:35  Stimpack, Combat Shield  
  72  11:36  Terran Infantry Weapons Level 1  
  72  11:37  Starport  
  72  11:38  Marine  
  74  11:41  Supply Depot  
  74  11:43  Marine  
  74  11:45  Ghost Academy  
  75  11:48  Marine  
  75  11:49  Fusion Core  
  78  11:54  Marauder  
  78  11:55  Engineering Bay  
  78  11:59  Marauder  
  78  12:00  Armory  
  80  12:02  Medivac  
  80  12:07  Supply Depot  
  82  12:14  Starport Reactor  
  84  12:15  Marauder  
  84  12:22  Widow Mine, Terran Infantry Armor Level 1  
  83  12:26  Marine  
  68  12:31  Marine  
  68  12:35  Command Center  
  68  12:37  Marine  
  64  12:41  Raven  
  64  12:42  Marine  
  66  12:47  Marine  
  67  12:54  Concussive Shells  
  67  12:55  Marauder  
  67  12:57  Marine  
  70  13:03  Marine  
  71  13:08  Marine  
  72  13:13  Widow Mine  
  72  13:18  Siege Tank  
  79  13:23  Raven  
  79  13:24  Marauder  
  81  13:49  SCV  
  81  13:52  SCV  
  81  13:55  SCV  
  84  14:01  SCV  
  87  14:04  SCV  
  87  14:06  Raven  
  87  14:07  SCV, Refinery  
  89  14:12  Missile Turret  
  89  14:13  SCV  
  89  14:16  SCV, Missile Turret  
  91  14:20  Refinery  
  91  14:30  SCV  
  92  14:38  Bunker  
  92  14:43  SCV  
  93  15:12  Ghost  
  95  15:15  Terran Infantry Weapons Level 2, Terran Infantry Armor Level 2  
  95  15:16  Marine  
  95  15:17  Terran Ship Weapons Level 1, Terran Vehicle Weapons Level 1  
  95  15:18  Supply Depot  
  95  15:19  Marine  
  97  15:22  Marine  
  98  15:34  Marine  
  99  15:37  Marine  
  99  15:39  Marine  
  99  15:41  Marine  
  102  15:52  Marauder  
  102  15:54  Marine  
  105  15:59  Ghost  
  107  16:11  Marine  
  95  16:14  Marine  
  95  16:17  Marine  
  77  16:19  Raven  
  77  16:28  Marauder  
  77  16:29  Marine  
  77  16:32  Marine  
  81  16:35  Marine  
  81  16:44  Command Center  
  81  16:46  Marine  
  81  16:49  Marine  
  81  16:50  Marine  
  81  16:53  Marine  
  87  17:02  Raven  
  87  17:04  Marine  
  87  17:07  Marauder  
  92  17:08  Marauder  
  92  17:11  Marine, Terran Vehicle And Ship Armor Level 1  
  92  17:15  Terran Vehicle Weapons Level 2  
  93  17:29  Marauder  
  97  17:30  Marauder  
  97  17:32  Terran Infantry Weapons Level 3  
  97  17:36  Terran Infantry Armor Level 3  
  98  17:45  Raven  
  97  19:06  Terran Vehicle And Ship Armor Level 2  
  97  19:36  Ghost  
  96  19:39  Marine  
  96  19:42  Marine  
  96  19:45  Marine  
  74  19:57  Marine  
  56  20:00  Marine  
  56  20:02  Raven, Medivac  
  56  20:03  Marine  
  56  20:05  Marine  
  50  20:07  Command Center  
  50  20:08  Viking  
  43  20:15  Marauder  
  43  20:18  Marine  
  43  20:21  Marine  
  42  20:22  Marine  
  42  20:28  Hellion  
  45  20:36  Marine x2  
  45  20:40  Marine x2  
  45  20:42  Command Center  
  51  20:45  Raven  
  51  20:47  Viking  
  48  20:55  Marauder  
  48  20:57  Marine  
  44  20:58  Marine  
  44  21:00  Marine  
  44  21:01  Refinery  
  43  21:08  Hellion  
  38  21:15  Marine  
  38  21:16  Marine  
  38  21:17  Marine, Refinery  
  38  21:20  Marine  
  41  21:27  Raven  
  41  21:28  Viking  
  38  21:34  Marine x2  
  38  21:37  Marine, Medivac  
  35  21:41  Marine  
  33  21:52  Marine x2  
  34  21:55  Marine  
  34  21:58  Medivac  
  34  21:59  Marine  
  34  22:00  Missile Turret  
  38  22:07  Viking  
  42  22:09  Marine  
  42  22:10  Raven, Marine, Missile Turret  
  42  22:13  Marine  
  45  22:17  Marine  
  45  22:19  SCV  
  45  22:22  SCV  
  41  22:25  SCV  
  41  22:28  Marine  
  35  22:31  Bunker, Marine, SCV  
  35  22:34  SCV  
  35  22:35  Marine  
  37  22:37  SCV  
  37  22:40  Hellion  
  37  22:41  Medivac  
  37  22:43  SCV, Medivac  
  33  22:46  SCV, Marine  
  33  22:49  SCV  
  33  22:50  Marine  
  32  22:53  Marine  
  32  22:58  SCV  
  27  23:07  Marine  
  27  23:11  Orbital Command, Marine  
  21  23:26  Factory  
  23  23:28  Armory  
  22  23:34  Barracks  
  22  23:39  Supply Depot  
  20  23:42  Barracks  
  16  23:59  SCV  
  16  24:02  SCV  
  20  24:10  Hellion  
  20  24:11  SCV  
  21  24:18  Supply Depot  
  21  24:22  Marine  
  21  24:23  Barracks  
  21  24:27  Starport  
  21  24:29  Marine  
  22  24:39  Marine  
  23  24:46  Engineering Bay, Factory Reactor  
  23  24:47  Marine  
  23  24:48  Supply Depot  
  24  24:52  Engineering Bay  
  24  24:57  Marine, Factory  
  25  25:01  Ghost Academy  
  25  25:04  Marine  
  25  25:05  Medivac  
  28  25:10  Marine, Armory  
  28  25:12  Supply Depot  
  29  25:15  Marine  
  29  25:20  Starport  
  30  25:22  Marine  
  30  25:24  Sensor Tower  
  29  25:29  SCV  
  29  25:33  Marine  
  29  25:34  SCV  
  31  25:41  SCV  
  23  25:46  SCV  
  11  26:17  Missile Turret  
  11  26:19  Sensor Tower  
  11  26:21  Supply Depot  
  11  26:45  Supply Depot  
Show
View Real Time Build Order
Export as new Build Order

A.I. 4 (Hard) Zerg 

Build Orders: 1 Base Baneling Bust, Pool First 

Get SALT Encoding   

  12  0:01  Drone  
  13  0:12  Overlord  
  13  0:17  Drone  
  14  0:30  Drone  
  14  0:32  Drone  
  16  0:43  Spawning Pool  
  16  0:45  Drone  
  16  0:49  Drone  
  17  0:52  Extractor  
  17  0:55  Drone  
  17  1:06  Overlord  
  17  1:30  Queen  
  17  1:31  Zergling x2  
  20  1:36  Roach Warren  
  20  1:37  Zergling x2  
  20  1:38  Drone  
  21  1:41  Extractor  
  20  1:49  Drone  
  21  1:59  Overlord  
  21  2:11  Drone  
  22  2:21  Roach  
  24  2:32  Drone  
  24  2:36  Roach  
  27  2:39  Overlord  
  27  2:43  Roach  
  29  2:44  Drone  
  30  2:54  Roach  
  32  3:05  Roach  
  34  3:08  Drone  
  34  3:11  Roach  
  37  3:14  Overlord  
  37  3:18  Roach  
  39  3:27  Drone  
  39  3:28  Baneling Nest  
  39  3:37  Evolution Chamber  
  39  3:38  Roach  
  39  3:41  Drone  
  41  3:42  Drone  
  41  3:44  Drone  
  43  3:50  Drone  
  44  4:00  Drone  
  45  4:11  Drone  
  46  4:58  Overlord, Lair  
  46  4:59  Zerg Melee Weapons Level 1  
  46  5:00  Evolution Chamber  
  46  5:01  Drone  
  46  5:25  Zerg Ground Armor Level 1  
  46  5:28  Spore Crawler  
  45  5:29  Drone  
  46  5:36  Spore Crawler  
  46  5:37  Drone  
  46  5:40  Overlord  
  46  5:52  Zergling x2  
  46  5:56  Burrow, Overseer  
  45  5:58  Overseer  
  45  6:01  Hydralisk Den  
  45  6:03  Spine Crawler  
  44  6:04  Drone  
  40  6:13  Spine Crawler  
  40  6:14  Drone  
  38  6:22  Drone, Infestation Pit  
  38  6:29  Hydralisk  
  38  6:37  Hatchery  
  38  6:39  Hydralisk  
  39  6:45  Drone  
  40  6:48  Hydralisk  
  40  6:53  Zerg Missile Weapons Level 1  
  42  6:57  Hydralisk  
  42  7:00  Spire  
  43  7:07  Queen  
  45  7:18  Zergling x2  
  45  7:36  Roach, Ravager  
  48  7:45  Ravager x2  
  48  7:46  Roach  
  48  7:51  Drone, Queen  
  53  7:52  Drone  
  53  7:54  Drone  
  53  7:55  Roach, Drone  
  53  7:57  Drone  
  61  7:59  Drone  
  61  8:04  Extractor, Drone  
  62  8:08  Drone, Spore Crawler  
  62  8:10  Spore Crawler  
  62  8:12  Drone  
  62  8:15  Drone  
  62  8:18  Drone  
  64  8:21  Drone  
  64  8:24  Drone  
  67  8:27  Drone  
  67  8:29  Drone  
  68  8:34  Overlord  
  68  8:37  Drone  
  68  8:39  Drone  
  70  8:43  Drone  
  71  8:49  Drone  
  71  8:51  Spine Crawler  
  71  8:52  Drone  
  72  9:03  Hive  
  72  9:21  Overlord  
  72  9:36  Pneumatized Carapace  
  65  9:39  Zergling x2  
  65  9:43  Extractor  
  50  9:49  Hydralisk  
  48  9:58  Hydralisk  
  50  10:08  Hydralisk  
  50  10:09  Overseer  
  50  10:13  Hatchery  
  51  10:20  Ultralisk Cavern  
  50  10:47  Drone  
  50  10:49  Drone  
  52  10:51  Drone  
  52  10:53  Hydralisk, Drone  
  52  10:56  Drone  
  57  10:58  Overlord  
  57  11:02  Hydralisk  
  59  11:12  Ultralisk  
  59  11:16  Zerg Melee Weapons Level 2  
  65  11:21  Hydralisk  
  67  11:27  Drone  
  67  11:28  Drone  
  67  11:30  Drone  
  67  11:31  Drone, Ultralisk  
  77  11:33  Drone  
  77  11:34  Drone  
  77  11:35  Extractor  
  77  11:36  Drone  
  77  11:37  Drone  
  77  11:39  Extractor, Drone  
  80  11:40  Overlord, Drone  
  80  11:41  Ultralisk  
  80  11:42  Drone  
  80  11:43  Drone  
  80  11:45  Drone  
  80  11:46  Drone  
  91  11:48  Drone  
  91  11:49  Drone  
  91  11:50  Ultralisk  
  91  11:51  Drone  
  91  11:53  Drone  
  101  11:55  Drone  
  101  11:56  Drone  
  101  11:59  Overlord  
  101  12:00  Overseer  
  103  12:05  Zerg Ground Armor Level 2  
  103  12:13  Zerg Flyer Weapons Level 1  
  103  12:21  Overlord  
  103  12:28  Spine Crawler  
  103  12:29  Drone  
  103  12:32  Spore Crawler  
  103  12:33  Queen  
  103  12:34  Drone  
  103  12:35  Spore Crawler  
  104  12:38  Drone  
  105  12:52  Overlord, Ultralisk  
  111  12:59  Ultralisk  
  111  13:05  Infestor  
  119  13:11  Overlord, Pathogen Glands  
  119  13:28  Hydralisk  
  119  13:32  Zerg Missile Weapons Level 2  
  119  13:35  Zergling x2  
  101  13:42  Ultralisk  
  97  13:48  Ultralisk  
  97  13:55  Ultralisk  
  103  14:01  Hydralisk  
  105  14:07  Hydralisk  
  105  14:09  Greater Spire  
  107  14:15  Ultralisk  
  113  14:20  Hydralisk  
  113  14:21  Zerg Melee Weapons Level 3  
  115  14:27  Hydralisk  
  117  14:33  Hydralisk  
  117  14:37  Spine Crawler  
  118  14:39  Drone  
  118  14:43  Spine Crawler  
  118  14:45  Drone  
  119  15:09  Chitinous Plating  
  119  15:21  Zerg Flyer Armor Level 1  
  119  15:48  Zerg Ground Armor Level 3  
  119  16:05  Hatchery  
  119  16:06  Ultralisk  
  118  16:22  Zergling x2  
  116  16:34  Infestor  
  116  16:39  Overlord  
  112  16:50  Ultralisk  
  112  16:58  Overlord, Ultralisk, Zerg Missile Weapons Level 3  
  118  17:15  Zerg Flyer Weapons Level 2  
  118  17:17  Spire, Overlord  
  117  18:29  Zerg Flyer Armor Level 2  
  117  19:21  Ultralisk  
  104  19:28  Zergling x2  
  73  19:31  Overlord  
  73  19:34  Hydralisk  
  73  19:38  Overseer  
  75  19:40  Hydralisk  
  75  19:43  Overseer  
  77  19:47  Infestor  
  77  19:50  Overlord  
  79  19:55  Ultralisk  
  85  20:01  Hydralisk  
  87  20:07  Ultralisk  
  87  20:10  Overlord  
  87  20:12  Hydralisk  
  95  20:19  Ultralisk  
  101  20:25  Ultralisk  
  107  20:29  Overlord, Zergling x2  
  107  20:30  Queen  
  107  20:32  Roach  
  98  20:35  Mutalisk  
  98  20:40  Zergling x2  
  99  20:44  Roach  
  99  20:47  Mutalisk  
  99  20:48  Spore Crawler  
  81  20:51  Zergling x2  
  81  20:52  Drone  
  81  20:53  Spore Crawler  
  81  20:54  Drone  
  81  20:55  Roach  
  81  20:56  Drone  
  81  20:59  Zergling x2, Spore Crawler  
  81  21:00  Drone  
  81  21:02  Mutalisk  
  80  21:07  Queen, Zergling x2  
  80  21:10  Roach  
  77  21:14  Roach  
  77  21:18  Zergling x2  
  78  21:21  Roach  
  78  21:25  Zergling x2  
  80  21:28  Overlord  
  80  21:29  Roach  
  80  21:32  Mutalisk  
  81  21:35  Drone  
  81  21:37  Zergling x2  
  78  21:40  Mutalisk  
  78  21:44  Zergling x2  
  78  21:46  Queen  
  70  21:48  Roach  
  70  21:52  Roach  
  64  21:56  Zergling x2  
  64  21:59  Roach  
  63  22:03  Roach  
  63  22:07  Zergling x2  
  46  22:11  Roach, Hatchery  
  46  22:14  Zergling x2  
  43  22:17  Spire, Overlord  
  43  22:18  Zergling x2  
  43  22:22  Zergling x2  
  40  22:25  Roach  
  40  22:29  Roach, Extractor  
  41  22:33  Zergling x2  
  41  22:36  Roach  
  37  22:40  Overlord, Zergling x2  
  38  22:45  Roach  
  38  22:48  Roach  
  39  22:53  Overseer  
  39  22:54  Ultralisk  
  37  23:00  Ultralisk  
  37  23:05  Drone  
  37  23:07  Drone, Overlord  
  37  23:08  Drone  
  37  23:09  Queen  
  33  23:14  Drone  
  33  23:15  Drone  
  33  23:17  Drone, Hatchery  
  33  23:18  Drone  
  25  23:29  Extractor  
  14  23:43  Extractor  
  13  23:54  Hatchery  
  10  24:01  Extractor  
  9  24:03  Drone  
  8  24:29  Drone  
  9  24:38  Spawning Pool  
  9  24:39  Drone  
  9  24:48  Evolution Chamber  
  9  24:50  Drone  
  9  25:01  Drone  
  9  25:06  Overlord  
  10  25:11  Drone  
  11  25:16  Drone  
  11  25:20  Spawning Pool  
  11  25:22  Drone  
  11  25:27  Drone  
  7  25:38  Drone  
Show
View Real Time Build Order
Export as new Build Order

A.I. 3 (Medium) Protoss 

Build Orders:  

Get SALT Encoding   

  12  0:01  Probe  
  13  0:13  Probe  
  14  0:21  Pylon  
  14  0:25  Probe  
  15  0:35  Probe  
  16  0:43  Probe  
  16  0:48  Assimilator  
  17  0:51  Gateway  
  17  0:53  Probe  
  18  1:01  Pylon  
  18  1:30  Gateway  
  18  1:34  Assimilator  
  18  1:41  Cybernetics Core  
  18  1:45  Zealot  
  20  2:05  Zealot  
  20  2:07  Pylon, Warp Gate  
  22  2:23  Adept  
  24  2:33  Adept  
  26  2:48  Probe  
  27  2:53  Adept  
  29  3:01  Probe  
  29  3:03  Stalker  
  29  3:05  Pylon  
  32  3:13  Probe  
  33  3:23  Adept  
  33  3:24  Forge  
  33  3:25  Probe  
  36  3:33  Adept  
  38  3:37  Probe  
  39  3:49  Probe  
  40  5:01  Probe  
  40  5:04  Stalker  
  43  5:11  Pylon  
  43  5:15  Photon Cannon  
  43  5:18  Sentry  
  45  5:22  Photon Cannon  
  45  5:26  Robotics Facility  
  45  5:27  Stargate  
  45  5:29  Probe  
  45  5:31  Twilight Council  
  45  5:32  Stalker  
  45  5:33  Gateway  
  48  5:39  Pylon  
  46  5:43  Forge  
  46  5:45  Stalker  
  42  5:59  Stalker  
  42  6:12  Sentry  
  42  6:14  Observer  
  45  6:26  Zealot  
  44  6:35  Observer  
  43  6:40  Nexus, Zealot  
  45  6:53  Adept  
  45  7:07  Adept  
  47  7:21  Stalker  
  48  7:49  Probe  
  48  7:56  Probe  
  48  7:57  Probe  
  51  8:07  Probe  
  51  8:08  Probe, Assimilator  
  51  8:10  Pylon  
  53  8:14  Pylon  
  53  8:19  Probe x2  
  55  8:28  Probe  
  55  8:31  Probe  
  57  8:36  Photon Cannon  
  57  8:37  Probe  
  57  8:39  Photon Cannon  
  58  8:43  Probe  
  59  8:49  Probe  
  59  8:52  Probe  
  60  9:00  Probe  
  60  9:01  Probe  
  63  9:10  Probe  
  63  9:13  Probe  
  65  9:21  Probe  
  66  9:25  Probe  
  67  9:40  Protoss Ground Armor Level 1  
  67  9:41  Assimilator  
  67  9:44  Warp Prism  
  67  9:45  Stalker  
  71  9:47  Protoss Ground Weapons Level 1  
  71  9:48  Gateway  
  71  9:54  Robotics Facility  
  71  9:58  Pylon  
  71  10:02  Robotics Bay  
  71  10:04  Stargate  
  71  10:08  Fleet Beacon  
  65  10:19  Stalker  
  65  10:20  Observer  
  60  10:32  Stalker  
  61  10:41  Warp Prism, Observer  
  56  10:44  Stalker  
  56  10:49  Gravitic Drive  
  58  10:57  Stalker  
  60  11:00  Templar Archives  
  60  11:09  Stalker  
  62  11:14  Dark Shrine  
  62  11:21  Sentry  
  64  11:33  Zealot  
  64  11:36  Gravitic Boosters  
  66  11:40  Disruptor  
  66  11:42  Nexus  
  69  11:57  Disruptor  
  69  11:59  Carrier  
  78  12:55  Probe  
  78  12:57  Probe  
  80  13:00  Probe  
  81  13:07  Probe  
  81  13:10  Probe  
  83  13:12  Probe  
  83  13:13  Assimilator  
  83  13:15  Pylon  
  83  13:17  Probe  
  83  13:19  Assimilator  
  85  13:22  Probe  
  85  13:24  Pylon  
  85  13:25  Probe x2  
  87  13:34  Probe  
  89  13:40  Observer  
  89  13:51  Blink  
  89  13:57  Photon Cannon  
  89  13:58  Adept  
  89  13:59  Photon Cannon  
  89  14:01  Protoss Ground Weapons Level 2  
  91  14:06  Adept  
  91  14:08  Protoss Ground Armor Level 2  
  93  14:13  Immortal  
  97  14:20  Phoenix  
  99  14:27  Zealot, Protoss Air Weapons Level 1  
  101  14:35  Adept  
  97  14:42  Adept  
  95  14:49  Adept  
  93  14:56  Sentry  
  90  15:04  Immortal  
  85  15:11  Phoenix  
  87  15:18  Zealot  
  89  15:26  Sentry  
  91  15:33  Stalker  
  93  15:41  Stalker  
  95  15:48  Disruptor  
  98  15:55  Disruptor  
  101  16:03  Carrier  
  107  16:06  Protoss Shields Level 1  
  107  16:22  Protoss Air Armor Level 1  
  107  16:34  Protoss Ground Weapons Level 3  
  106  18:12  Protoss Air Weapons Level 2  
  106  18:13  Protoss Ground Armor Level 3, Stalker  
  106  18:18  Pylon  
  106  18:19  Stalker  
  110  18:26  Stalker  
  112  18:32  Stalker  
  114  18:39  Stalker  
  116  18:41  Pylon  
  116  18:46  Stalker  
  118  18:52  Colossus  
  124  18:59  Tempest  
  129  19:07  Zealot, Protoss Shields Level 2  
  115  19:14  Sentry  
  93  19:20  Zealot  
  89  19:27  Adept  
  91  19:33  Stalker  
  93  19:40  Stalker  
  95  19:47  Sentry  
  97  20:35  Stalker  
  97  20:42  Stalker  
  74  20:49  Stalker  
  72  20:56  Stalker  
  74  21:02  Colossus  
  78  21:09  Stalker  
  76  21:16  Sentry  
  78  21:19  Tempest  
  78  21:22  Sentry  
  75  21:36  Stalker  
  77  21:42  Stalker  
  79  21:49  Stalker  
  70  22:20  Zealot  
  65  22:28  Zealot  
  59  22:32  Forge  
  55  22:44  Cybernetics Core  
  55  22:48  Pylon  
  55  23:01  Gateway  
  55  23:07  Forge  
  55  23:14  Gateway  
  55  23:19  Gateway  
  51  23:55  Stalker  
  17  24:36  Pylon  
  11  24:50  Pylon  
  6  24:58  Nexus  
  4  25:03  Pylon  
  4  25:08  Pylon  
  4  25:12  Assimilator  
  4  25:20  Assimilator  
  4  25:31  Pylon  
Show
View Real Time Build Order
Export as new Build Order

Lunarbears Terran - Winner!

Build Orders:  

Get SALT Encoding   

  12  0:03  SCV  
  13  0:17  Supply Depot  
  13  0:19  SCV  
  14  0:31  SCV  
  15  0:42  Supply Depot  
  15  0:43  SCV  
  15  0:49  Refinery  
  16  0:55  SCV  
  17  1:04  Supply Depot  
  17  1:07  SCV  
  18  1:19  SCV  
  18  1:21  Refinery  
  19  1:31  SCV  
  20  1:33  Barracks  
  20  1:43  SCV  
  21  1:47  Supply Depot  
  21  1:55  SCV  
  22  2:07  SCV  
  23  2:15  Supply Depot  
  23  2:20  SCV  
  24  2:23  Engineering Bay  
  24  2:25  Marine  
  25  2:38  SCV  
  25  2:43  Marine  
  27  2:50  SCV  
  28  3:01  Marine  
  28  3:04  Supply Depot  
  29  3:09  Factory  
  29  3:19  Marine  
  30  3:24  Command Center  
  30  3:37  Marine  
  31  3:44  Bunker  
  31  3:54  Marine  
  32  4:08  Armory  
  32  4:12  Marine  
  33  4:28  Factory Tech Lab  
  33  4:30  Marine  
  34  4:37  Bunker  
  34  4:41  SCV  
  35  4:46  Bunker  
  35  4:48  Marine  
  35  4:50  Missile Turret  
  36  4:53  SCV  
  36  4:57  SCV  
  38  5:05  SCV  
  38  5:06  Marine  
  40  5:09  SCV  
  40  5:11  Supply Depot  
  41  5:20  Siege Tank  
  44  5:21  SCV  
  44  5:23  Marine  
  46  5:29  Refinery  
  46  5:41  Reaper  
  39  5:58  Planetary Fortress  
  36  6:14  Reaper  
  36  6:20  Terran Infantry Weapons Level 1  
  36  6:45  Marine  
  37  7:03  Marine, Siege Tank  
  41  7:21  Marine  
  41  7:22  Starport  
  37  7:39  Marine  
  37  7:56  Siege Tank  
  40  8:00  Barracks Tech Lab  
  40  8:15  Terran Infantry Armor Level 1  
  40  8:28  Siege Tank  
  43  8:43  Starport Tech Lab  
  43  8:48  Missile Turret  
  43  8:59  Barracks, Marauder  
  45  9:04  SCV  
  46  9:16  SCV  
  47  9:20  Marauder  
  49  9:28  SCV  
  50  9:41  Marauder  
  49  10:01  Barracks  
  49  10:02  Marine  
  50  10:08  Terran Infantry Weapons Level 2  
  50  10:10  Terran Vehicle Weapons Level 1  
  50  10:20  Marine  
  37  10:38  Marine  
  38  10:54  Reaper x2  
  38  10:56  Marine  
  41  11:14  Marine  
  42  11:18  Fusion Core  
  42  11:25  Marine  
  42  11:26  Marine  
  42  11:30  Siege Tank  
  42  11:31  Marine  
  48  11:41  SCV  
  49  11:47  Refinery  
  50  12:04  Terran Vehicle And Ship Armor Level 1  
  50  12:14  SCV  
  50  12:15  Battlecruiser  
  56  12:26  SCV  
  47  12:38  SCV  
  48  13:03  Missile Turret  
  48  13:23  Battlecruiser  
  48  14:07  Weapon Refit  
  48  14:28  Battlecruiser  
  54  15:56  Battlecruiser  
  59  17:00  Battlecruiser  
  65  17:49  Terran Vehicle And Ship Armor Level 2  
  65  17:59  Terran Infantry Armor Level 2  
  65  18:11  Marine x3  
  68  18:26  Battlecruiser  
  74  18:29  Marine x3  
  77  18:47  Marine x3  
  80  19:04  Marine  
  80  19:05  Marine x2  
  83  19:22  Marine x2  
  83  19:23  Marine  
  85  19:40  Marine x2  
  85  19:41  Marine  
  74  19:58  Marine  
  74  20:05  Terran Ship Weapons Level 1  
  74  20:15  Terran Infantry Weapons Level 3  
  74  20:17  Marine x2  
  74  20:18  Marine  
  77  20:26  Battlecruiser  
  83  20:35  Marine x2  
  85  22:52  Neosteel Armor  
  85  24:29  Battlecruiser  
  55  25:06  Marine x3  
  57  25:24  Marine x3  
  60  25:33  Battlecruiser  
Show
View Real Time Build Order
Export as new Build Order

larsgj Terran - Winner!

Build Orders:  

Get SALT Encoding   

  12  0:01  SCV  
  13  0:13  SCV  
  14  0:19  Supply Depot  
  14  0:29  SCV  
  15  0:51  Barracks  
  15  0:55  SCV  
  16  1:07  SCV  
  17  1:19  SCV  
  18  1:28  Command Center  
  18  1:31  SCV  
  19  1:39  Marine  
  20  1:43  SCV  
  21  1:56  SCV  
  21  1:57  Marine  
  23  2:39  Marine, SCV  
  23  2:40  Supply Depot  
  25  2:51  SCV  
  25  2:57  Marine  
  27  3:03  Supply Depot  
  27  3:07  SCV  
  28  3:15  Marine  
  28  3:16  Engineering Bay  
  28  3:19  SCV  
  30  3:20  Refinery  
  30  3:22  Refinery  
  30  3:32  SCV  
  30  3:33  Marine  
  32  3:36  Supply Depot  
  32  3:44  SCV  
  33  3:50  Marine  
  34  3:56  SCV  
  34  3:58  Supply Depot  
  35  4:08  Marine  
  36  4:21  Supply Depot  
  36  4:22  SCV  
  37  4:26  Marine  
  37  4:28  Orbital Command  
  38  4:34  SCV  
  39  4:43  Supply Depot  
  39  4:44  Marine  
  40  4:46  SCV, Bunker  
  41  4:58  SCV  
  42  5:02  Terran Infantry Weapons Level 1, Marine  
  43  5:10  SCV, Factory  
  44  5:16  Supply Depot  
  44  5:19  Bunker, Marine  
  45  5:26  SCV  
  46  5:30  Refinery  
  46  5:32  Refinery  
  46  5:37  Marine  
  46  5:38  SCV, Supply Depot  
  48  5:50  SCV  
  48  5:51  Bunker  
  48  5:55  Marine  
  43  6:01  Supply Depot  
  43  6:02  SCV  
  39  6:13  Marine  
  39  6:14  SCV  
  41  6:18  Barracks  
  41  6:24  Supply Depot  
  41  6:31  Marine  
  42  6:47  Supply Depot  
  42  6:48  Marine  
  42  6:56  Terran Infantry Armor Level 1  
  42  7:03  Bunker  
  42  7:06  Marine  
  43  7:24  Marine  
  44  7:30  Orbital Command  
  44  7:33  Marine  
  45  7:42  Marine  
  46  7:51  Marine  
  46  7:57  Starport  
  47  8:00  Marine  
  48  8:09  Marine  
  49  8:18  Marine  
  50  8:25  Starport  
  50  8:26  Marine  
  51  8:35  Marine  
  51  8:36  Armory  
  52  8:42  Fusion Core  
  52  8:44  Marine  
  52  8:45  Starport Tech Lab  
  53  8:53  Supply Depot  
  53  9:05  Neosteel Armor  
  53  9:10  Starport Tech Lab  
  53  9:17  Supply Depot  
  53  9:36  Terran Vehicle And Ship Armor Level 1  
  53  9:39  Supply Depot  
  53  9:41  Battlecruiser x2  
  65  10:02  Supply Depot  
  65  10:09  Bunker  
  65  10:11  Missile Turret  
  65  10:25  Supply Depot  
  65  10:38  Missile Turret  
  65  10:45  Terran Infantry Weapons Level 2, Battlecruiser x2  
  65  10:47  Supply Depot  
  77  11:03  Weapon Refit  
  77  11:11  Supply Depot  
  77  11:30  Marine, Terran Ship Weapons Level 1  
  79  11:37  Barracks Tech Lab  
  78  11:47  Marine  
  78  11:49  Battlecruiser x2  
  91  12:01  Combat Shield  
  91  12:05  Marine  
  92  12:23  Marine  
  93  12:41  Marine  
  94  12:53  Battlecruiser  
  94  12:54  Battlecruiser  
  94  12:57  Command Center  
  106  13:01  Terran Infantry Armor Level 2  
  106  13:23  Terran Vehicle And Ship Armor Level 2  
  106  13:58  Battlecruiser  
  112  14:10  Orbital Command  
  112  14:48  Supply Depot  
  112  15:10  Supply Depot  
  112  15:33  Terran Infantry Weapons Level 3, Supply Depot  
  112  15:39  Terran Ship Weapons Level 2  
  112  16:43  Battlecruiser x2  
  124  16:54  Command Center  
  124  16:57  Refinery  
  124  17:01  Refinery  
  124  17:30  Orbital Command  
  124  17:47  Battlecruiser x2  
  136  17:57  SCV  
  137  18:09  SCV  
  137  18:10  Terran Infantry Armor Level 3  
  138  18:21  SCV  
  140  18:33  SCV  
  140  18:34  Orbital Command  
  140  18:45  SCV  
  141  18:54  Refinery  
  141  18:59  Refinery  
  141  19:02  Battlecruiser  
  147  19:55  Battlecruiser  
  153  20:06  Battlecruiser  
  159  21:00  Battlecruiser  
  165  21:11  Battlecruiser  
  171  22:04  Battlecruiser  
  171  22:15  Battlecruiser  
  177  22:40  SCV  
  178  22:52  SCV  
  179  23:04  SCV  
  180  23:08  Battlecruiser  
  186  23:17  SCV  
  186  23:19  Battlecruiser  
  193  23:29  SCV  
  194  24:12  Battlecruiser  
Show
View Real Time Build Order
Export as new Build Order

FroGGe Zerg - Winner!

Build Orders: Pool First 

Get SALT Encoding   

  12  0:04  Drone  
  13  0:08  Drone  
  14  0:29  Overlord x2  
  14  0:54  Drone x3  
  17  1:27  Spawning Pool  
  17  1:29  Hatchery  
  17  1:31  Extractor  
  14  1:33  Drone  
  14  1:34  Drone x2  
  17  2:03  Drone x2  
  19  2:24  Extractor  
  18  2:37  Drone x3  
  21  2:57  Lair  
  21  3:07  Queen, Evolution Chamber  
  21  3:12  Drone x3  
  25  3:13  Drone x3  
  28  3:20  Extractor  
  27  3:35  Zerg Missile Weapons Level 1  
  27  3:44  Zergling x2  
  27  3:45  Zergling x6  
  31  3:55  Queen  
  33  4:05  Hydralisk Den  
  32  4:19  Drone  
  32  4:20  Drone x2  
  35  4:29  Extractor  
  34  4:40  Hydralisk  
  34  4:44  Overlord x2  
  36  4:52  Muscular Augments  
  36  5:06  Hydralisk x2  
  40  5:07  Hydralisk  
  40  5:13  Hydralisk  
  42  5:20  Hydralisk  
  46  5:29  Zerg Ground Armor Level 1  
  46  5:34  Drone x3  
  49  5:37  Hydralisk  
  51  6:04  Grooved Spines  
  37  6:34  Hydralisk x3  
  37  6:35  Hydralisk x4  
  51  6:40  Overlord x2  
  51  6:51  Overlord  
  51  7:07  Infestation Pit  
  50  7:14  Hydralisk  
  50  7:15  Hydralisk x5  
  62  7:39  Hydralisk x2  
  66  7:45  Zerg Missile Weapons Level 2  
  60  8:13  Hydralisk x6  
  72  8:30  Overlord  
  72  8:40  Hydralisk x2  
  76  9:02  Hydralisk  
  78  9:04  Hatchery  
  77  9:26  Metabolic Boost  
  73  10:03  Drone x6  
  73  10:04  Drone x3  
  73  10:05  Drone  
  73  10:06  Drone  
  84  10:10  Overlord x2  
  84  10:44  Hydralisk x6  
  84  10:45  Hydralisk  
  98  10:57  Drone x3  
  98  10:59  Drone  
  98  11:00  Hydralisk  
  104  11:12  Spire  
  103  11:36  Queen  
  105  11:54  Overlord x2  
  105  11:55  Overlord x4  
  105  12:13  Hive  
  105  12:19  Hydralisk x2  
  105  12:20  Hydralisk x6  
  105  12:21  Hydralisk x3  
  121  12:40  Hydralisk x2  
  121  12:41  Hydralisk x3  
  131  13:00  Extractor  
  130  13:06  Extractor  
  130  13:08  Hydralisk x2  
  130  13:09  Hydralisk x5  
  143  13:32  Zerg Flyer Weapons Level 1  
  115  14:16  Hydralisk x3  
  115  14:17  Hydralisk x6  
  117  14:18  Hydralisk x4  
  126  15:26  Zerg Flyer Armor Level 1  
  128  15:31  Zerg Missile Weapons Level 3  
  128  15:38  Mutalisk x2  
  128  15:39  Mutalisk x6  
  128  15:40  Mutalisk  
  146  15:45  Overlord  
  146  15:59  Mutalisk x3  
  146  16:00  Mutalisk  
  126  17:08  Hatchery  
  126  17:12  Mutalisk x3  
  126  17:13  Mutalisk x3  
  137  17:20  Zerg Flyer Weapons Level 2  
  137  17:51  Mutalisk x4  
  145  18:08  Zerg Ground Armor Level 2  
  145  18:19  Extractor  
  144  18:34  Mutalisk  
  146  18:57  Mutalisk  
  94  19:39  Queen  
  96  19:45  Hydralisk  
  96  19:46  Hydralisk x6  
  96  19:47  Hydralisk  
  110  20:16  Hydralisk x4  
  110  20:18  Hydralisk  
  94  21:01  Hydralisk x4  
  94  21:02  Hydralisk x2  
  94  21:11  Extractor  
  93  21:29  Mutalisk x2  
  97  22:20  Mutalisk x3  
  103  23:06  Hydralisk  
  103  23:07  Hydralisk x6  
  103  23:08  Hydralisk  
  115  24:37  Hydralisk  
  115  24:38  Hydralisk x6  
  119  24:39  Hydralisk x2  
  133  25:02  Hydralisk x2  
  133  25:03  Hydralisk x4  
Tags
 
Add a new tag
Caveats
  • Supply blocks, unpowered buildings, or Contaminate may cause inaccurate times.
  • Supply counts are checked every 10 seconds.